 Dungeon Crawl Stone Soup version 0.18.1-8-gdd0e5ea (webtiles) character file.

5787 mikered the Fighter (level 10, -2/85 HPs)
             Began as a Demonspawn Berserker on June 9, 2016.
             Was an Elder of Trog.
             Slain by a yak (9 damage)
             ... on level 1 of the Lair of Beasts on June 10, 2016.
             The game lasted 01:14:13 (9892 turns).

mikered the Fighter (Demonspawn Berserker)          Turns: 9892, Time: 01:14:14

Health: -2/85      AC: 14    Str: 22    XL:     10   Next: 50%
Magic:  10/10      EV: 15    Int:  8    God:    Trog [****..]
Gold:   338        SH:  8    Dex: 17    Spells: 0 memorised, 9 levels left

rFire  . . .     SeeInvis .     e - +2 spear
rCold  . . .     Gourm    .     b - +4 scale mail
rNeg   . . .     Faith    .     p - +2 buckler
rPois  +         Spirit   .     (no helmet)
rElec  .         Dismiss  .     (no cloak)
rCorr  .         Reflect  .     (no gloves)
SustAt .         Harm     .     (no boots)
MR     ++...                    (no amulet)
Stlth  +.........               (no ring)
                                v - ring of poison resistance

@: agile, exhausted, regenerating, slowed, very slow, very resistant to hostile
enchantments, very unstealthy
A: molten scales 2, demonic guardian 1, powered by pain 2
a: Berserk, Trog's Hand, Brothers in Arms, Burn Spellbooks, Renounce Religion


You were on level 1 of the Lair of Beasts.
You worshipped Trog.
Trog was greatly pleased with you.
You were very hungry.

You visited 3 branches of the dungeon, and saw 13 of its levels.

You collected 338 gold pieces.

Inventory:

Hand Weapons
 a - a +0 spear (quivered)
 e - a +2 spear (weapon)
 k - a +2 quarterstaff of pain
 q - a +0 spear
 t - a +3 mace
 u - a cursed -1 dagger
Missiles
 i - 27 poisoned needles
 j - 5 javelins
Armour
 b - a +4 scale mail (worn)
 d - a +1 scale mail of fire resistance
 p - a +2 buckler (worn)
 s - a +1 ring mail of cold resistance
Jewellery
 v - a ring of poison resistance (left hand)
Wands
 g - a wand of paralysis (5/24)
 h - a wand of slowing (9/48)
 l - a wand of iceblast (0/15)
 r - a wand of iceblast (7/15)
Scrolls
 f - 2 scrolls of remove curse
 x - 3 scrolls of identify
 y - 3 scrolls of random uselessness
Potions
 c - 3 potions of flight
 n - 2 potions of cancellation
 o - a potion of agility
Comestibles
 A - a slice of pizza


   Skills:
 - Level 10.0 Fighting
 - Level 7.5 Polearms
 - Level 4.0 Armour
 - Level 3.0 Dodging
 + Level 8.1 Shields


You had 9 spell levels left.
You didn't know any spells.

Dungeon Overview and Level Annotations

Branches:
Dungeon (10/15)            Temple (1/1) D:6            Lair (2/8) D:9
    Orc: D:9-12

Altars:
Ashenzari
Cheibriados
Dithmenos
Elyvilon
Fedhas
Gozag
Kikubaaqudgha
Makhleb
Nemelex Xobeh
Okawaru
Pakellas
Qazlal
Ru
Sif Muna
Trog
Vehumet
Xom
Yredelemnul
Zin
The Shining One

Annotations:
D:7 Dowan, Duvessa, Menkaure


Innate Abilities, Weirdness & Mutations

You are mostly covered in molten scales (AC +3, EV -1).
A weak demonic guardian rushes to your aid.
You sometimes gain power by taking damage.


Message History

The yak gores you but does no damage. The water moccasin closely misses you.
The yak closely misses you. The water moccasin closely misses you.
Your ogre completely misses the yak.
The spiny frog stings your ogre. The water moccasin barely misses you.
Your ogre hits the yak with a giant spiked club!!
The yak dies!
Trog accepts your kill. The yak gores you!
* * * LOW HITPOINT WARNING * * *
The water moccasin misses you. You block the spiny frog's attack.
Your skin crawls.
You feel resistant to hostile enchantments.
You feel slightly more hungry.
Your ogre misses the spiny frog. You block the yak's attack.
The water moccasin bites you but does no damage.
The spiny frog barely misses you. The spiny frog misses you.
Your ogre barely misses the spiny frog.
The water moccasin bites you.
* * * LOW HITPOINT WARNING * * *
The yak gores you!
You die...

.# #..................### .##
###........#.....###.##
..########.#(......##......##..#
...................#.......#..##
...................#.....P....#
.....##..##+#.................#
....#.......#....O.#........#.#
....#.......#...FY............##
......÷.....+...@F.##.......#..##
....#...÷...#....S.##..........#.
....#.'##..##......###......#....
.....§§†§..........##PY..####....
#..#######...).....###.#####.....
.........#.....................##
..#.#....#............†###.....#
....# ...#.....P..###†## ###....
....# .............#.†## #...#


You could see a yak, 2 spiny frogs, a water moccasin and a friendly ogre
(berserk).

Vanquished Creatures
  A hydra (Lair:1)
  The ghost of Kilrog the Skirmisher, a novice DsGl (D:7)
  Joseph (D:7)
  2 blink frogs (Lair:1)
  8 yaks (Lair:1)
  3 wargs (D:9)
  Edmund (D:6)
  2 porcupines (Lair:1)
  2 phantoms
  The ghost of roberto the Changer, an amateur NaTm (D:3)
  6 wolves (Lair:1)
  A centaur (D:8)
  A giant frog (D:7)
  A gnoll sergeant (D:5)
  A water moccasin zombie (D:7)
  2 scorpions
  2 crimson imps
  A giant frog zombie (D:7)
  2 hounds (D:5)
  A jelly (D:4)
  2 centaur skeletons
  2 orc priests
  3 iguanas
  6 worker ants
  4 orc wizards
  A hound zombie (D:5)
  A howler monkey zombie (D:5)
  5 gnolls
  A worker ant zombie (D:8)
  10 river rats (Lair:1)
  6 adders
  An ooze (D:5)
  2 adder skeletons
  2 worms
  5 dart slugs
  2 giant geckos
  17 orcs
  7 bats
  11 giant cockroaches
  4 goblins
  8 hobgoblins
  6 jackals
  3 quokkas
  A ball python (D:1)
  7 giant newts
  6 kobolds
  2 rats
165 creatures vanquished.

Vanquished Creatures (collateral kills)
  A blink frog (Lair:1)
  A yak (Lair:1)
  An ogre (D:4)
  A crimson imp (D:5)
  2 gnolls (D:5)
6 creatures vanquished.

Vanquished Creatures (others)
  A fungus (Lair:1)
  A plant (D:9)
2 creatures vanquished.

Grand Total: 173 creatures vanquished

Notes
Turn   | Place    | Note
--------------------------------------------------------------
     0 | D:1      | mikered the Demonspawn Berserker began the quest for the Orb.
     0 | D:1      | Reached XP level 1. HP: 18/18 MP: 1/1
   332 | D:1      | Gained mutation: A weak demonic guardian rushes to your aid. [demonic ancestry]
   332 | D:1      | Reached XP level 2. HP: 24/24 MP: 2/2
  1313 | D:1      | Gained mutation: You are partially covered in molten scales (AC +1). [demonic ancestry]
  1313 | D:1      | Reached XP level 3. HP: 24/29 MP: 3/3
  1400 | D:1      | Reached skill level 1 in Shields
  1402 | D:1      | Reached ** piety under Trog
  1542 | D:2      | Gained mutation: Your magical capacity is low (-10% MP). [potion of mutation]
  1542 | D:2      | Gained mutation: You possess an exceptional clarity of mind. [potion of mutation]
  1542 | D:2      | Gained mutation: Armour fits poorly on your strangely shaped body. [potion of mutation]
  1543 | D:2      | Lost mutation: Your magical capacity is low (-10% MP). [potion of cure mutation]
  1543 | D:2      | Lost mutation: You possess an exceptional clarity of mind. [potion of cure mutation]
  1543 | D:2      | Lost mutation: Armour fits poorly on your strangely shaped body. [potion of cure mutation]
  2817 | D:3      | Reached XP level 4. HP: 28/35 MP: 4/4
  3259 | D:3      | Noticed roberto's ghost (amateur NaTm)
  3274 | D:3      | Killed roberto's ghost
  3274 | D:3      | Reached skill level 4 in Fighting
  3274 | D:3      | Reached XP level 5. HP: 43/43 MP: 5/5
  3460 | D:5      | Entered Level 5 of the Dungeon
  3472 | D:4      | Found a shattered altar of Ashenzari.
  3765 | D:4      | Reached skill level 5 in Fighting
  4046 | D:5      | Gained mutation: You are mostly covered in molten scales (AC +3, EV -1). [demonic ancestry]
  4046 | D:5      | Reached XP level 6. HP: 52/52 MP: 6/6
  4276 | D:5      | Reached skill level 6 in Fighting
  4547 | D:5      | Reached *** piety under Trog
  5000 | D:5      | Gained mutation: You sometimes gain a little power by taking damage. [demonic ancestry]
  5000 | D:5      | Reached XP level 7. HP: 58/58 MP: 7/7
  6292 | D:4      | Found a radiant altar of Vehumet.
  6292 | D:4      | Found an opulent altar of Gozag.
  6894 | D:6      | Found a staircase to the Ecumenical Temple.
  6902 | Temple   | Entered the Ecumenical Temple
  7236 | D:6      | Noticed Edmund
  7248 | D:6      | Killed Edmund
  7248 | D:6      | Gained mutation: You sometimes gain power by taking damage. [demonic ancestry]
  7248 | D:6      | Reached XP level 8. HP: 64/64 MP: 8/8
  7509 | D:7      | Noticed Joseph
  7787 | D:7      | Killed Joseph
  7787 | D:7      | Reached skill level 5 in Polearms
  7839 | D:7      | Noticed Kilrog's ghost (novice DsGl)
  7874 | D:7      | Killed Kilrog's ghost
  7886 | D:7      | Reached XP level 9. HP: 57/71 MP: 9/9
  8055 | D:7      | Noticed Menkaure
  8245 | D:7      | Noticed Dowan
  8246 | D:7      | Noticed Duvessa
  8381 | D:8      | Reached skill level 7 in Fighting
  8438 | D:8      | Reached **** piety under Trog
  8676 | D:9      | Found a staircase to the Lair.
  8680 | D:10     | Entered Level 10 of the Dungeon
  8680 | D:10     | Noticed a gargoyle
  8695 | D:9      | Reached skill level 8 in Fighting
  8860 | Lair:1   | Entered Level 1 of the Lair of Beasts
  9149 | Lair:1   | Reached skill level 9 in Fighting
  9252 | Lair:1   | Reached skill level 10 in Fighting
  9288 | Lair:1   | Reached skill level 5 in Shields
  9458 | Lair:1   | Reached XP level 10. HP: 60/85 MP: 10/10
  9842 | Lair:1   | Noticed a seven-headed hydra
  9849 | Lair:1   | Noticed a spiny frog
  9852 | Lair:1   | Killed a seven-headed hydra
  9859 | Lair:1   | Noticed a spiny frog
  9892 | Lair:1   | Slain by a yak

Skill      XL: |  1  2  3  4  5  6  7  8  9 10 |
---------------+-------------------------------+-----
Dodging        | 2 3 |  3.0
Shields        | 2 3 4 5 8 |  8.1
Fighting       | 4 5 6 10 | 10.0
Armour         | 4 |  4.0
Polearms       | 3 7 |  7.5

Action                   |  1- 3 |  4- 6 |  7- 9 | 10-12 || total
-------------------------+-------+-------+-------+-------++-------
Melee: Spear             |   218 |   171 |   535 |    59 ||   983
Invok: Berserk           |     4 |     7 |    14 |     2 ||    27
       Trog's Hand       |       |       |     1 |     1 ||     2
       Brothers in Arms  |       |       |       |     1 ||     1
Evoke: Wand              |       |     1 |     2 |     3 ||     6
  Use: Scroll            |     8 |     5 |    13 |     1 ||    27
       Potion            |     6 |     3 |     3 |     2 ||    14
 Stab: Sleeping          |     1 |       |       |       ||     1
       Invisible         |       |     1 |       |       ||     1
       Distracted        |       |     1 |       |       ||     1
  Eat: Chunk             |     5 |     2 |    12 |       ||    19
       Bread ration      |     1 |     2 |     2 |       ||     5
       Beef jerky        |       |     1 |       |       ||     1
       Royal jelly       |       |     1 |       |       ||     1
       Meat ration       |       |       |     2 |       ||     2
       Pizza             |       |       |     1 |       ||     1
Armor: Animal skin       |    31 |       |       |       ||    31
       Leather armour    |     8 |       |       |       ||     8
       Ring mail         |     4 |    42 |       |       ||    46
       Scale mail        |       |       |   148 |    20 ||   168
Dodge: Dodged            |   117 |    68 |   175 |    20 ||   380
Block: Buckler           |    39 |    48 |   119 |    26 ||   232
